AoeStats
← Clueless Clown

Nomad

503243346Analyzed
4v4 RM · 1mo ago on Aug 30, 2026· 38m 25s· 8 players
Game mode
Random Map
Map size
231×231
Population
200
Speed
Normal
Resources
Standard
Victory
Conquest
Starting age
Dark Age
Ending age
Imperial Age
RankedLock teamsTeams togetherTeam positionsShared explorationLock speedFull tech treeHidden civsTurbo modeCheats
Victory
Defeat
🇺🇸 Persians · United States
1006
+15
🇬🇧 Italians · United Kingdom
979
+16
🇧🇪 Huns · Belgium
979
+16
🇫🇷 Japanese · France
930
+19
🇺🇸 Turks · United States
1053
-20
🇨🇱 Gurjaras · Chile
1000
-17
🇵🇹 Spanish · Portugal
965
-16
🇲🇽 Bohemians · Mexico
937
-14
Soldat_Ultime0
4:53 Loom
17:11 Feudal Age
17:43 Fishing Lines
18:18 Gold Mining
18:15 Double-Bit Axe
19:19 Town Watch
20:17 Forging
20:08 Scale Mail Armor
22:54 Castle Age
21:39 Arson
23:15 Wheelbarrow
24:53 Bow Saw
27:21 Imperial Age
29:43 Gillnets
33:31 Hand Cart
32:40 Elite Skirmisher
33:15 Fletching
33:26 Padded Archer Armor
34:02 Iron Casting
33:20 Horse Collar
36:35 Elite Samurai
Clueless Clown
6:06 Loom
12:38 Feudal Age
15:13 Wheelbarrow
18:43 Castle Age
21:33 Fletching
24:16 Arson
24:48 Crossbowman
29:15 Double-Bit Axe
29:59 Fishing Lines
31:10 Kamandaran
33:50 Hand Cart
33:18 Horse Collar
37:47 Imperial Age
35:44 Ballistics
35:37 Bodkin Arrow
35:16 Pikeman
35:42 Gambesons
35:57 Squires
36:49 Murder Holes
37:05 Masonry
38:33 Conscription
37:49 Elite Skirmisher
39:00 Bow Saw
38:53 Heavy Plow
Doofus
14:03 Feudal Age
14:39 Double-Bit Axe
20:26 Castle Age
19:20 Fletching
19:24 Horse Collar
19:55 Loom
21:19 Town Watch
21:46 Bow Saw
21:39 Heavy Plow
21:41 Squires
25:48 Wheelbarrow
33:44 Imperial Age
31:38 Murder Holes
34:03 Ballistics
33:41 Bodkin Arrow
34:32 Thumb Ring
35:08 Conscription
34:45 Gold Mining
35:59 Two-Man Saw
37:02 Chemistry
37:10 Bracer
37:28 Hand Cart
Infernika
4:23 Loom
13:17 Feudal Age
15:24 Double-Bit Axe
15:21 Horse Collar
18:47 Bloodlines
24:00 Castle Age
22:30 Forging
22:30 Fletching
23:30 Scale Barding Armor
24:09 Wheelbarrow
23:35 Gold Mining
23:37 Stone Mining
26:13 Bow Saw
26:05 Heavy Plow
26:07 Husbandry
27:06 Bodkin Arrow
27:57 Padded Archer Armor
28:19 Chain Barding Armor
27:26 Light Cavalry
32:14 Ballistics
33:44 Leather Archer Armor
34:16 Hand Cart
36:40 Iron Casting
36:37 Thumb Ring
36:45 Town Watch
38:02 Gold Shaft Mining
40:58 Imperial Age
Larry Canionga
10:50 Loom
16:50 Feudal Age
17:50 Man-at-Arms
21:47 Wheelbarrow
27:57 Town Watch
32:43 Castle Age
TowLeeDough
5:36 Loom
13:04 Feudal Age
13:48 Town Watch
13:53 Double-Bit Axe
14:56 Scale Barding Armor
15:05 Forging
15:29 Scale Barding Armor
23:02 Castle Age
22:34 Stone Mining
23:15 Bloodlines
24:12 Bow Saw
24:54 Iron Casting
25:19 Horse Collar
29:20 Wheelbarrow
29:17 Chain Barding Armor
29:01 Husbandry
34:05 Imperial Age
32:34 Hand Cart
Mavch31
4:03 Loom
18:44 Feudal Age
19:32 Double-Bit Axe
20:53 Horse Collar
21:51 Bloodlines
24:44 Forging
24:40 Scale Barding Armor
28:50 Castle Age
28:56 Fletching
29:07 Padded Archer Armor
31:09 Husbandry
30:31 Light Cavalry
32:54 Elite Skirmisher
34:43 Gold Mining
35:12 Stone Mining
36:33 Fishing Lines
37:43 Iron Casting
37:35 Ballistics
Bukowski
3:10 Loom
14:18 Feudal Age
18:31 Castle Age
19:28 Double-Bit Axe
19:27 Horse Collar
23:07 Heavy Plow
26:15 Town Watch
29:49 Wheelbarrow
34:49 Hand Cart
Connection lost

Rejoining the realm…

Still unreachable

The connection could not be restored.

Session expired

The server has moved on; the page needs a fresh start.